 Dungeon Crawl Stone Soup version 0.25.1-2-g60ff931df9 (webtiles) character file.

Game seed: 5000252714872822473

98 Acheron the Digger (level 4, -5/40 HPs)
             Began as a Troll Earth Elementalist on July 29, 2020.
             Splashed by a jelly's acid (11 damage)
             ... on level 2 of the Dungeon.
             The game lasted 00:08:48 (2044 turns).

Acheron the Digger (Troll Earth Elementalist)       Turns: 2044, Time: 00:08:48

Health: -5/40      AC: -3    Str: 16    XL:     4   Next: 43%
Magic:  5/5        EV: 10    Int: 11    God:
Gold:   141        SH:  0    Dex: 11    Spells: 0/6 levels left

rFire    . . .     SeeInvis .     - Unarmed
rCold    . . .     Gourm    +   (no shield)
rNeg     . . .     Faith    .   c - +0 robe
rPois    .         Spirit   .   (helmet restricted)
rElec    .         Reflect  .   t - +2 cloak
rCorr    .         Harm     .   (gloves unavailable)
MR       .....                  (boots unavailable)
Stlth    ++........             (no amulet)
HPRegen  0.53/turn              (no ring)
MPRegen  0.09/turn              (no ring)

@: corroded
A: large, unfitting armour, claws 3, fast metabolism 3, gourmand, regeneration
1, shaggy fur 1, tough skin 3
a: no special abilities


You were on level 2 of the Dungeon.
You were very full.

You visited 1 branch of the dungeon, and saw 3 of its levels.

You collected 141 gold pieces.

Inventory:

Hand Weapons
 k - a +0 short sword
 w - a +0 hunting sling
Missiles
 b - 176 stones
 l - 29 arrows
 m - 6 javelins
 q - 14 poisoned darts (quivered)
Armour
 c - a +0 robe (worn)
 t - a +2 cloak (worn)
Jewellery
 n - an uncursed ring of protection from fire
 o - an uncursed ring of ice {unknown}
Scrolls
 e - 2 scrolls of identify {unknown}
 i - a scroll of remove curse {unknown}
 u - a scroll of random uselessness {unknown}
 x - a scroll of enchant armour {unknown}
Potions
 f - a potion of resistance {unknown}
 h - a potion of lignification {unknown}
 j - 2 potions of flight {unknown}
 p - a potion of brilliance {unknown}
 r - a potion of stabbing {unknown}
 s - a potion of curing {unknown}
 v - a potion of heal wounds {unknown}
Comestibles
 d - 4 rations
 g - 3 chunks of flesh


   Skills:
 * Level 0.9 Fighting
 * Level 0.8 Throwing
 * Level 2.1 Dodging
 * Level 1.1 Stealth
 * Level 2.0 Unarmed Combat
 * Level 1.6 Spellcasting
 + Level 0.6 Transmutations
 + Level 2.9 Earth Magic


You couldn't memorise any spells.
You knew the following spells:

 Your Spells              Type           Power        Failure   Level  Hunger
a - Sandblast             Erth           #.....       9%          1    ##.....
b - Stone Arrow           Conj/Erth      #.....       45%         3    ####...
c - Passwall              Tmut/Erth      #.......     22%         2    ###....

Your spell library contained the following spells:

 Spells                   Type           Power        Failure   Level  Hunger
 Petrify                  Tmut/Erth      #.......     82%         4    #####..
 Lee's Rapid Deconstruct  Erth           #.........   94%         5    ######.


Dungeon Overview and Level Annotations

Branches:
Dungeon (3/15)

Altars:
Yredelemnul
Zin


Innate Abilities, Weirdness & Mutations

You are too large for most types of armour.
You have claws for hands.
Your metabolism is lightning-fast.
You like to eat raw meat.
Your natural rate of healing is unusually fast.
You are covered in fur. (AC +1)
You have extremely tough skin. (AC +3)


Message History

The jelly is lightly wounded.
The jelly hits you but does no damage.
You scratch the jelly.
Your claws burn!
The jelly is lightly wounded.
The jelly hits you. The acid corrodes you!
You are splashed with acid!
You scratch the jelly. The acid corrodes you!
Your claws burn!
The jelly is lightly wounded.
The jelly barely misses you.
You scratch the jelly but do no damage. The acid corrodes you!
Your claws burn!
The jelly is lightly wounded.
The jelly hits you.
You are splashed with acid!
* * * LOW HITPOINT WARNING * * *
You scratch the jelly but do no damage.
Your claws burn!
* * * LOW HITPOINT WARNING * * *
The jelly is lightly wounded.
Okay, then.
The jelly hits you.
* * * LOW HITPOINT WARNING * * *
You are splashed with acid!
You die...

#..........#
##..###..
#..........#
##...#.#
#####..###.#
###.... #..#
#.# #.....
#..###.#
#.##.>
#..<##.#
#.##..
#.#.##.#
#.....
#J#.##.#
#....###.
#@#.##.#
.....# ##
#.#.##.#
....####.
#.#.##..
#####..
#...#...
#.(.. ###.#
#.##. #..
#.... #..
#..### ##.
.... .##


You could see a jelly.

Vanquished Creatures
  3 adders (D:2)
  A worm (D:2)
  2 dart slugs (D:1)
  A leopard gecko (D:1)
  6 giant cockroaches (D:1)
  11 goblins
  7 hobgoblins
  6 jackals
  6 kobolds (D:1)
  6 bats
  5 frilled lizards
  6 rats
60 creatures vanquished.

Notes
Turn   | Place    | Note
-------+----------+-------------------------------------------
     0 | D:1      | Acheron the Troll Earth Elementalist began the quest for
                  | the Orb.
     0 | D:1      | Reached XP level 1. HP: 16/16 MP: 1/1
   221 | D:1      | Reached XP level 2. HP: 20/24 MP: 3/3
   619 | D:1      | Reached XP level 3. HP: 32/32 MP: 4/4
   803 | D:1      | Reached skill level 1 in Unarmed Combat
  1677 | D:2      | Reached XP level 4. HP: 40/40 MP: 5/5
  1821 | D:2      | Found a basalt altar of Yredelemnul.
  1896 | D:2      | Found a glowing silver altar of Zin.
  1988 | D:2      | Learned a level 3 spell: Stone Arrow
  1991 | D:2      | Learned a level 2 spell: Passwall
  2044 | D:2      | Splashed by a jelly's acid

Illustrated notes

Levels and vault maps discovered:
D:1:      dpeg_arrival_prison, layout_basic, minivault_14, hangedman_decor_push,
          minmay_tromino_v4_a
D:2:      layout_rooms, zin_academy, yredelemnul_altar_generic
D:3:      layout_rooms, uniq_robin, uniq_sigmund, uniq_crazy_yiuf_cottage

Skill      XL: |  1  2  3  4 |
---------------+-------------+-----
Unarmed Combat | 1 2 |  2.0
Dodging        | 2 |  2.1
Fighting       | |  0.9
Throwing       | |  0.8
Stealth        | |  1.1
Spellcasting   | |  1.6
Transmutations | |  0.6
Earth Magic    | |  2.9

Action                   |  1- 3 |  4- 6 || total
-------------------------+-------+-------++-------
Melee: Unarmed           |   168 |    34 ||   202
Throw: Dart              |     2 |       ||     2
 Cast: Sandblast         |       |     1 ||     1
  Use: Scroll            |       |     1 ||     1
  Eat: Chunk             |    19 |     5 ||    24
Armor: Robe              |    80 |     7 ||    87
Dodge: Dodged            |   102 |    16 ||   118
